 Dungeon Crawl Stone Soup version 0.28-a0-1152-g9c71ebef14 (webtiles) character file.

Game seed: 12123766294448060363

306 spaghetti the Sneak (level 6, -1/47 HPs)
             Began as a Demonspawn Delver on Dec 14, 2021.
             Shot with an arrow by a centaur (5 damage)
             ... on level 6 of the Dungeon.
             The game lasted 00:01:48 (633 turns).

spaghetti the Sneak (Demonspawn Delver)              Turns: 633, Time: 00:01:48

Health: -1/47      AC:  5    Str: 14    XL:     6   Next: 16%
Magic:  6/6        EV: 11    Int: 11    God:
Gold:   26         SH:  0    Dex: 15    Spells: 5/5 levels left

rFire   . . .      SeeInvis .   a - +0 falchion {long}
rCold   . . .      Faith    .   (no shield)
rNeg    . . .      Spirit   .   b - +0 leather armour
rPois   .          Reflect  .   (no helmet)
rElec   .          Harm     .   (no cloak)
rCorr   .          Rampage  .   (no gloves)
Will    .....                   (no boots)
Stlth   ++++......              (no amulet)
HPRegen 0.15/turn               (no ring)
MPRegen 0.10/turn               (no ring)

@: no status effects
A: slimy green scales 1, ignite blood 2
a: no special abilities


You were on level 6 of the Dungeon.
You visited 1 branch of the dungeon, and saw 2 of its levels.

You collected 26 gold pieces.


Innate Abilities, Weirdness & Mutations

You are partially covered in slimy green scales. (AC +2)
Your demonic aura often causes spilled blood to erupt in flames.


   Skills:
 - Level 3.0 Fighting
 - Level 1.7 Long Blades
 - Level 1.7 Dodging
 + Level 7.8 Stealth


You had 5 spell levels left.
You didn't know any spells.
Your spell library was empty.

Inventory:

Hand Weapons
 a - a +0 falchion (weapon) {long}
Armour
 b - a +0 leather armour (worn)
Wands
 g - a wand of digging (3)
Scrolls
 d - a scroll of magic mapping {!r}
 e - a scroll of fear

Dungeon Overview and Level Annotations

Branches:
Dungeon (6/15)
 Temple: D:4-7

Altars:

...
....########## #
..c.......... ..
.........§..#...
.......§......
.......§.§..#
#..........#
##$..§§§...#..
#....§@○.....#
#.#..§§§.....S.
#............
.............#
#.####........^
.. #...###..# .
....# .## ....#


You could see a centaur and an adder.


Message History

You now have 38 max hp (-1).
You take 4 damage, and now have 14/38 hp. 😨 HP[+1]
Okay, then.
Okay, then. 😨 HP[+1] 😨 HP[+1]
Okay, then.
Okay, then.
You feel yourself speed up. The necrophage barely misses you.
You hit the necrophage. The necrophage misses you.
You barely miss the necrophage.
The necrophage hits you but does no damage. 😨 HP[+1]
You closely miss the necrophage. The necrophage completely misses you.
You hit the necrophage but do no damage.
The necrophage hits you.
* * * LOW HITPOINT WARNING * * *
😨 HP[-6]
You take 6 damage, and now have 12/38 hp.
Unknown command.
Unknown command.
You hit the necrophage. You hit the necrophage.
The necrophage hits you but does no damage.
You barely miss the necrophage. The necrophage barely misses you.
You completely miss the necrophage. The necrophage barely misses you.
You open the door.
A black bear comes into view.
The black bear growls angrily.
There is an open door here.
You close the door.
A necrophage opens the door. 😨 HP[+1] Unknown command.
Unknown command.
You open the door.
There is an open door here.
You close the door.
Something unseen opens the door. 😨 HP[+1]
(D) Dungeon
Where to? (Enter - D:5, ? - help) Sorry, I don't know how to get there.
Unknown command. 😨 HP[+1]
Found an escape hatch in the floor.
Your extra speed is starting to run out.
Unknown command.
Unknown command. 😨 HP[+1]
There is a stone staircase leading down here.
You climb downwards.
There is a stone staircase leading up here.
Unknown command.
The helpless steam dragon fails to defend itself.
You hit the steam dragon.
The steam dragon is engulfed in blazing flames.
The steam dragon breathes steam at you. The ball of steam hits you!
* * * LOW HITPOINT WARNING * * *
You hear an angry hiss. x2; You hear a shout! 😱 HP[-7]
You take 7 damage, and now have 9/38 hp.
Unknown command.
You barely miss the steam dragon.
You feel yourself slow down.
The steam dragon is engulfed in blazing flames.
The steam dragon bites you.
* * * LOW HITPOINT WARNING * * *
The steam dragon claws you.
* * * LOW HITPOINT WARNING * * *
😱 HP[-6]
You take 6 damage, and now have 3/38 hp.
Unknown command.
You aren't carrying any potions.
Unknown command.
Okay, then.
Press: ? - help, v - describe, . - travel
Here: a steam dragon (flame, almost dead)
The floor, spattered with blood.
Unknown command.
You barely miss the steam dragon.
The steam dragon is engulfed in blazing flames.
You kill the steam dragon!
The steam dragon scales are intact enough to wear.
A centaur comes into view.
Your life force feels restored.
You have reached level 6! 😱 HP[+1] MP[+1]
You now have 47 max hp (+9).
Your mp is fully restored (6).
Unknown command.
Unknown command.
A centaur is nearby!
Unknown command.
As you read the scroll of fog, it crumbles to dust.
The scroll dissolves into smoke.
An adder comes into view.
The centaur wields a +0 shortbow.
The centaur shoots an arrow.
The arrow hits you.
You die...

Skill      XL: |  1  2  3  4 |
---------------+-------------+-----
Stealth        | 5 6 7 |  7.8
Fighting       | |  3.0
Long Blades    | |  1.7
Dodging        | |  1.7

Action                   |  1- 3 |  4- 6 || total
-------------------------+-------+-------++-------
Melee: Falchion          |    26 |    40 ||    66
  Use: Potion            |       |     1 ||     1
       Scroll            |       |     1 ||     1
 Stab: Sleeping          |     1 |     1 ||     2
Armor: Leather armour    |    20 |    13 ||    33
Dodge: Dodged            |    45 |    17 ||    62

Levels and vault maps discovered:
D:5:      layout_loops_corners, minmay_temple_entry_arrows
D:6:      layout_rooms

Notes
Turn   | Place    | Note
-------+----------+-------------------------------------------
     0 | D:5      | spaghetti the Demonspawn Delver began the quest for the
                  | Orb.
     0 | D:5      | Reached XP level 1. HP: 18/18 MP: 1/1
     0 | D:5      | magus.rc [v1.9.6]
    42 | D:5      | Reached skill level 5 in Stealth
    42 | D:5      | Gained mutation: You are partially covered in slimy green
                  | scales. (AC +2) [demonic ancestry]
    42 | D:5      | Reached XP level 2. HP: 15/24 MP: 2/2
   162 | D:5      | Gained mutation: Your demonic aura sometimes causes spilled
                  | blood to erupt in flames. [demonic ancestry]
   162 | D:5      | Reached XP level 3. HP: 17/29 MP: 3/3
   329 | D:5      | Noticed an ice beast
   353 | D:6      | Reached skill level 6 in Stealth
   353 | D:6      | Reached XP level 4. HP: 26/35 MP: 4/4
   433 | D:5      | Noticed a necrophage
   445 | D:5      | Killed a necrophage
   446 | D:5      | Reached skill level 7 in Stealth
   446 | D:5      | Gained mutation: Your demonic aura often causes spilled
                  | blood to erupt in flames. [demonic ancestry]
   446 | D:5      | Reached XP level 5. HP: 34/41 MP: 5/5
   529 | D:5      | Noticed a necrophage
   585 | D:5      | Noticed a black bear
   628 | D:6      | Noticed a steam dragon
   629 | D:6      | HP: 9/38 [steam dragon/ball of steam (7)]
   631 | D:6      | HP: 3/38 [steam dragon (3)]
   632 | D:6      | Killed a steam dragon
   632 | D:6      | Noticed a centaur
   633 | D:6      | Reached XP level 6. HP: 4/47 MP: 6/6
   633 | D:6      | Shot with an arrow by a centaur

Vanquished Creatures
  A steam dragon (D:6)
  A necrophage (D:5)
  A centaur zombie (D:5)
  2 centaur skeletons
  An ufetubus (D:6)
  An orc (D:5)
7 creatures vanquished.

Table legend:
 A = Non-vault XP
 B = Vault XP
 C = Vault XP percentage of total XP
 D = Non-vault monster count
 E = Vault monster count
 F = Vault count percentage of total count
                 A         B        C        D         E       F
            +---------+---------+-------+---------+---------+-------
      Total |     438 |       0 |   0.0 |       7 |       0 |   0.0
            +---------+---------+-------+---------+---------+-------
        D:5 |     207 |       0 |   0.0 |       4 |       0 |   0.0
        D:6 |     231 |       0 |   0.0 |       3 |       0 |   0.0
            +---------+---------+-------+---------+---------+-------

Illustrated notes

Table legend:
 A = Kills in this place as a percentage of kills in entire the game.
 B = Kills by you in this place as a percentage of kills by you in the entire game.
 C = Kills by friends in this place as a percentage of kills by friends in the entire game.
 D = Other kills in this place as a percentage of other kills in the entire game.
 E = Experience gained in this place as a percentage of experience gained in the entire game.
 F = Experience gained in this place divided by the number of levels of this place that you have seen.
                   A       B       C       D       E      F
               +-------+-------+-------+-------+-------+----------------------
         Total | 100.0 | 100.0 |   N/A |   N/A | 100.0 | 219.0
       Dungeon | 100.0 | 100.0 |   N/A |   N/A | 100.0 | 219.0
               +-------+-------+-------+-------+-------+----------------------

Table legend: (Time is in decaauts)
 A = Elapsed time spent in this place.
 B = Non-inter-level travel time spent in this place.
 C = Inter-level travel time spent in this place.
 D = Time resting spent in this place.
 E = Time spent auto-exploring this place.
 F = Levels seen in this place.
 G = Mean time per level.
                   A        B        C        D        E       F      G
               +--------+--------+--------+--------+--------+-----+--------+
         Total |    629 |    620 |      9 |    341 |    113 |   2 |  314.5 |
       Dungeon |    629 |    620 |      9 |    341 |    113 |   2 |  314.5 |
               +--------+--------+--------+--------+--------+-----+--------+

Top non-repeatable levels by time:
     D:5: 606 daAuts
     D:6: 22 daAuts
